 Dungeon Crawl Stone Soup version 0.31.0-11-ge490571c62 (webtiles) character file.

Game seed: 12823006433263776474

847 hawla the Conjurer (level 7, -14/54 HPs)
             Began as a Deep Elf Conjurer on Jan 30, 2024.
             Was an Initiate of Vehumet.
             Demolished by a wyvern (17 damage)
             ... on level 6 of the Dungeon.
             The game lasted 00:12:44 (5613 turns).

hawla the Conjurer (Deep Elf Conjurer)              Turns: 5613, Time: 00:12:44

Health: -14/54     AC:  3    Str:  6    XL:     7   Next: 68%
Magic:  2/13       EV: 12    Int: 23    God:    Vehumet [......]
Gold:   318        SH:  0    Dex: 13    Spells: 1/12 levels left

rFire   + . .        c - staff of fire
rCold   + . .        (no shield)
rNeg    . . .        a - +0 robe
rPois   .            (no helmet)
rElec   .            p - +0 cloak
rCorr   .            (no gloves)
SInv    .            (no boots)
Will    .....        (no amulet) Stlth
                     f - ring of protection from cold
HPRegen 0.29/turn    (no ring)
MPRegen 0.13/turn

%: no passive effects
@: berserking, very quick
A: no striking features
a: Renounce Religion


You were on level 6 of the Dungeon.
You worshipped Vehumet.
Vehumet was noncommittal.
You visited 2 branches of the dungeon, and saw 8 of its levels.

You collected 318 gold pieces.

Inventory:

Armour
 a - a +0 robe (worn)
 p - a +0 cloak (worn)
Magical Staves
 c - a staff of fire (weapon)
Jewellery
 f - a ring of protection from cold (left hand)
Wands
 q - a wand of flame (29)
Scrolls
 j - 3 scrolls of identify
 k - 8 scrolls of teleportation
 n - a scroll of butterflies
Potions
 b - 2 potions of magic
 d - 3 potions of attraction
 e - 2 potions of might
 g - a potion of berserk rage
 h - a potion of resistance
 i - a potion of invisibility
 l - a potion of curing
 o - a potion of brilliance


   Skills:
 - Level 2.4 Dodging
 - Level 2.4 Stealth
 - Level 3.0 Spellcasting
 - Level 7.0 Conjurations
 - Level 3.0 Translocations
 - Level 3.0 Fire Magic
 + Level 1.0 Air Magic
 - Level 5.0 Alchemy
 - Level 3.0 Evocations


You had one spell level left.
You knew the following spells:

 Your Spells              Type           Power      Damage    Failure   Level
a - Magic Dart            Conj           100%       1d8       1%          1
b - Searing Ray           Conj           70%        2d7       1%          2
c - Iskenderun's Mystic   Conj/Tloc      26%        2d7       14%         4
d - Olgreb's Toxic Radia  Alch           26%        N/A       14%         4

Your spell library contained the following spells:

 Spells                   Type           Power      Damage    Failure   Level
 Sting                    Conj/Alch      100%       1d9       1%          1
 Shock                    Conj/Air       88%        1d8       2%          1
 Mercury Vapours          Alch/Air       34%        N/A       4%          2
 Fulminant Prism          Conj/Alch      15%        3d10      10%         4
 Swiftness                Air            8%         N/A       22%         3
 Airstrike                Air            4%         2d(1-17)  58%         4


Dungeon Overview and Level Annotations

Branches:
Dungeon (7/15)             Temple (1/1) D:6

Altars:
Ashenzari
Cheibriados
Dithmenos
Elyvilon
Fedhas
Gozag
Hepliaklqana
Kikubaaqudgha
Makhleb
Nemelex Xobeh
Okawaru
Qazlal
Ru
Sif Muna
Trog
Uskayaw
Vehumet
Wu Jian
Xom
Yredelemnul
Zin
The Shining One

Annotations:
D:3 1 runed translucent door, Consumeair16's ghost, amateur GnWn
D:6 1 transporter, DocClef's ghost, novice GnFi


Message History

You hear a shout!
The wyvern closely misses you.
Casting: Iskenderun's Mystic Blast (quite dangerous; 14% risk of failure)
Confirm with . or Enter, or press ? or * to list all spells.
You erupt in a blast of force!
The mystic blast hits the wyvern.
The wyvern is heavily wounded.
The wyvern is knocked back by the mystic blast.
The wyvern slams into the rock wall!
The wyvern closely misses you.
You barely miss the wyvern.
The wyvern is heavily wounded.
The wyvern bites you.
A kobold comes into view. It is wielding a +0 whip.
You barely miss the wyvern.
The wyvern is heavily wounded.
The wyvern closely misses you. The wyvern bites you!
You hit the wyvern but do no damage.
The wyvern is heavily wounded.
The wyvern bites you. The wyvern barely misses you. The wyvern bites you!
* * * LOW HITPOINT WARNING * * *
The wyvern bites you but does no damage.
You climb upwards.
Level annotation: 1 transporter, DocClef's ghost, novice GnFi
There is a stone staircase leading down here.
A red film seems to cover your vision as you go berserk!
You feel yourself moving faster!
You feel mighty! The wyvern bites you!
* * * LOW HITPOINT WARNING * * *
You hit the wyvern.
The wyvern is heavily wounded.
The wyvern barely misses you.
You hit the wyvern.
The wyvern is severely wounded.
The wyvern misses you.
You closely miss the wyvern.
The wyvern is severely wounded.
The wyvern closely misses you. x2
You closely miss the wyvern.
The wyvern is severely wounded.
The wyvern bites you!
You die...

###.##.#.####.....########## ##OO
###.#..#...###......# #########
.##.#.####.###....#>#####........
......# #..##....#..............
......#####.......#######.>......
.............#....# #........
......#####.......# #...)....
..##.######.#...#### #........
..##........###.@..#### #########
..#######.....[.k.....#####
..........#########.......#
#......#### ###.....#### #......#
#####....# #....^.# ######
#......# #......# #......#


You could see a wyvern.

Vanquished Creatures
  An ice beast (D:6)
  An ogre (D:6)
  A centaur (D:5)
  A brain worm (D:6)
  A scorpion (D:4)
  A howler monkey (D:6)
  A bombardier beetle (D:4)
  4 hounds
  A jelly (D:5)
  5 iguanas
  4 adders
  A white imp (D:6)
  2 ufetubi (D:6)
  2 dart slugs (D:5)
  3 orcs
  5 bats
  7 endoplasms
  4 giant cockroaches
  8 hobgoblins
  2 jackals (D:5)
  3 quokkas
  4 ball pythons
  7 goblins
  5 kobolds
  5 rats
79 creatures vanquished.

Notes
Turn   | Place    | Note
-------+----------+-------------------------------------------
     0 | D:1      | hawla the Deep Elf Conjurer began the quest for the Orb.
     0 | D:1      | Reached XP level 1. HP: 10/10 MP: 6/6
   196 | D:1      | Reached XP level 2. HP: 15/15 MP: 5/8
   602 | D:2      | Reached skill level 5 in Conjurations
   605 | D:2      | Learned a level 2 spell: Searing Ray
  1038 | D:2      | Reached XP level 3. HP: 19/19 MP: 5/9
  1488 | D:3      | Found a stormy altar of Qazlal.
  2060 | D:3      | Found a runed translucent door.
  2060 | D:3      | Noticed Consumeair16's ghost (amateur GnWn)
  2161 | D:4      | Reached skill level 6 in Conjurations
  2161 | D:4      | Reached skill level 1 in Translocations
  2161 | D:4      | Reached XP level 4. HP: 16/24 MP: 0/10
  2166 | D:4      | Learned a level 4 spell: Iskenderun's Mystic Blast
  2807 | D:4      | Noticed a scorpion
  2815 | D:4      | Killed a scorpion
  2816 | D:4      | Reached XP level 5. HP: 28/28 MP: 1/11
  3147 | D:5      | Entered Level 5 of the Dungeon
  3209 | D:5      | Noticed a centaur
  3227 | D:5      | Killed a centaur
  3229 | D:5      | Reached XP level 6. HP: 16/32 MP: 3/12
  3734 | D:5      | Reached skill level 1 in Alchemy
  4526 | D:6      | Reached XP level 7. HP: 36/36 MP: 3/13
  4613 | D:6      | Found a shimmering altar of Xom.
  4613 | D:6      | Found a shimmering altar of Xom.
  4614 | D:6      | Found a shimmering altar of Xom.
  4614 | D:6      | Found a shimmering altar of Xom.
  4614 | D:6      | Found a shimmering altar of Xom.
  4614 | D:6      | Found a shimmering altar of Xom.
  4615 | D:6      | Found a shimmering altar of Xom.
  4616 | D:6      | Found a shimmering altar of Xom.
  4728 | D:6      | Reached skill level 7 in Conjurations
  4734 | D:6      | Learned a level 4 spell: Olgreb's Toxic Radiance
  5221 | D:6      | Noticed DocClef's ghost (novice GnFi)
  5222 | D:6      | Found a transporter.
  5222 | D:6      | Identified the +5 giant spiked club "Gaim" {freeze, ^Drain
                  | rCorr Stlth+}
  5308 | D:6      | Found a staircase to the Ecumenical Temple.
  5342 | D:6      | Reached skill level 5 in Alchemy
  5342 | D:6      | Reached skill level 1 in Air Magic
  5535 | Temple   | Entered the Ecumenical Temple
  5554 | Temple   | Became a worshipper of Vehumet
  5597 | D:7      | Noticed a wyvern
  5609 | D:6      | HP: 2/54 [wyvern (15)]
  5613 | D:6      | Demolished by a wyvern

Illustrated notes

Levels and vault maps discovered:
D:1:      lemuel_arrival_hallway, layout_rooms, grunt_decor_fettered,
          minmay_bisected
D:2:      minmay_skewed_foursquare, layout_rooms, st_stairs_2
D:3:      layout_loops_ring, nicolae_qazlal_scattered_showers,
          gammafunk_ghost_grave, guppyfry_early_lair_pool
D:4:      layout_loops_ring
D:5:      layout_loops_corners
D:6:      layout_rooms, xom_redecorated, minmay_temple_entry_mist,
          gammafunk_ghost_smash
D:7:      layout_loops_cross, serial_glass, glass_columns_a, glass_columns_a,
          due_unseen_surprise, corexii_checkpoint, moated_statue
Temple:   nicolae_temple_slightly_damp_pantheon

Skill      XL: |  1  2  3  4  5  6  7 |
---------------+----------------------+-----
Conjurations   | 5 6 7 |  7.0
Translocations | 1 3 |  3.0
Evocations     | 2 3 |  3.0
Fire Magic     | 2 3 |  3.0
Alchemy        | 3 5 |  5.0
Air Magic      | 1 |  1.0
Dodging        | |  2.4
Stealth        | |  2.4
Spellcasting   | |  3.0

Action                     |  1- 3 |  4- 6 |  7- 9 || total
---------------------------+-------+-------+-------++-------
  Melee: Staff             |       |    29 |    37 ||    66
   Cast: Magic Dart        |    38 |     9 |     1 ||    48
         Searing Ray       |    14 |    27 |    11 ||    52
         Iskenderun's Myst |       |     4 |     6 ||    10
         Olgreb's Toxic Ra |       |       |     1 ||     1
    Use: Scroll            |     7 |     2 |     3 ||    12
         Potion            |       |     6 |     3 ||     9
   Stab: Sleeping          |       |     1 |       ||     1
 Armour: Robe              |     2 |    27 |    30 ||    59
         Skin              |       |    36 |    25 ||    61
  Dodge: Dodged            |       |    35 |    31 ||    66
